 Dungeon Sprint DCSS version 0.30.0-2-g1aa4bd4387 (webtiles) character file.

Game seed: 2322920998653471192

4487 Groucho the Unseen (level 10, -9/44 HPs)
             Began as a Spriggan Enchanter on May 7, 2023.
             Was a Priest of Dithmenos.
             Engulfed by a death drake's foul pestilence (14 damage)
             ... in the Dungeon (Sprint II: "The Violet Keep of Menkaure").
             The game lasted 00:07:37 (743 turns).

Groucho the Unseen (Spriggan Enchanter)              Turns: 743, Time: 00:07:37

Health: -9/44      AC:  2    Str:  8    XL:     10   Next: 16%
Magic:  20/29      EV: 27    Int: 16    God:    Dithmenos [***...]
Gold:   621        SH:  0    Dex: 17    Spells: 30/38 levels left

rFire   . . .        a - +2 dagger (spect)
rCold   . . .        (no shield)
rNeg    . . .        b - +0 robe
rPois   +            (helmet restricted)
rElec   .            (no cloak)
rCorr   .            (gloves unavailable)
SInv    +            (boots unavailable)
Will    +....        (no amulet)
Stlth   ++++++++++   e - ring of poison resistance
HPRegen 0.27/turn    (no ring)
MPRegen 0.21/turn

%: no teleportation
@: lethally poisoned (-9 -> -18), slowed, wreathed by umbra, quick
A: very small, no large weapons, unfitting armour, see invisible, speed 3
a: Renounce Religion, Shadow Step


You were in the Dungeon.
You worshipped Dithmenos.
Dithmenos was most pleased with you.
You visited 1 branch You collected 1309 gold pieces.
You spent 688 gold pieces at shops.

Inventory:

Hand Weapons
 a - a +2 spectral dagger (weapon)
 c - a +0 arbalest
Armour
 b - a +0 robe (worn)
Jewellery
 e - a ring of poison resistance (left hand)
Potions
 g - 2 potions of magic
 h - a potion of berserk rage


   Skills:
 - Level 10.0 Short Blades
 + Level 13.7 Dodging
 - Level 17.0 Stealth
 + Level 14.9 Spellcasting
 - Level 14.0 Hexes


You had 30 spell levels left.
You knew the following spells:

 Your Spells              Type           Power      Damage    Failure   Level
a - Ensorcelled Hibernat  Hex/Ice        68%        N/A       1%          2
b - Confusing Touch       Hex            54%        N/A       1%          3
c - Dazzling Flash        Conj/Hex       68%        N/A       1%          3

Your spell library contained the following spells:

 Spells                   Type           Power      Damage    Failure   Level
 Tukima's Dance           Hex            54%        N/A       1%          3


Dungeon Overview and Level Annotations

Branches:
Dungeon (1/1)

Altars:
Cheibriados
Dithmenos
Elyvilon
Fedhas
Gozag
Hepliaklqana
Kikubaaqudgha
Makhleb
Nemelex Xobeh
Okawaru
Qazlal
Ru
Sif Muna
Trog
Uskayaw
Vehumet
Wu Jian
Xom
Yredelemnul
Zin
The Shining One
Jiyva
Lugonu

Shops:
D ??:(!![*(:==[=[

Annotations:
D exclusion: oklob plant


Innate Abilities, Weirdness & Mutations

You are very small and have problems with some larger weapons.
You are too small for most types of armour.
You have supernaturally acute eyesight. (SInv)
You cover ground extremely quickly. (Speed+++)


Message History

You feel agile.
Casting: Ensorcelled Hibernation (safe; 1% risk of failure)
Confirm with . or Enter, or press ? or * to list all spells.
Aiming: Ensorcelled Hibernation (safe; 1% risk of failure)
Press: ? - help, Shift-Dir - straight line, f - death drake
Aim: a death drake (catching its breath, umbra, chance to affect: 45%)
The death drake looks drowsy...
You are engulfed in dark miasma.
You feel yourself slow down.
A crystal guardian comes into view.
Found 3 potions of flight.
You are engulfed in dark miasma.
The helpless death drake fails to defend itself.
You spit the death drake like a pig!!!!
You kill the death drake!
Dithmenos accepts your kill. The swamp drake breathes poison at you.
The noxious blast engulfs the crystal guardian but does no damage.
Your Dodging skill increases to level 13!
The death drake breathes miasma at you. The foul vapour engulfs you!
You feel as though you will be slow longer.
Casting: Ensorcelled Hibernation (safe; 1% risk of failure)
Confirm with . or Enter, or press ? or * to list all spells.
Aiming: Ensorcelled Hibernation (safe; 1% risk of failure)
Press: ? - help, Shift-Dir - straight line, f - death drake
Aim: a death drake (foul pestilence, catching its breath, umbra, chance to affect: 45%)
The death drake resists with some effort.
You are engulfed in dark miasma.
You are poisoned.
* * * LOW HITPOINT WARNING * * *
x2 You feel very sick.
The death drake completely misses you.
Unknown command.
Casting: Ensorcelled Hibernation (safe; 1% risk of failure)
Confirm with . or Enter, or press ? or * to list all spells.
Aiming: Ensorcelled Hibernation (safe; 1% risk of failure)
Press: ? - help, Shift-Dir - straight line, f/p - death drake
Aim: a death drake (umbra, chance to affect: 45%)
The death drake looks drowsy...
You are engulfed in dark miasma.
You feel as though you will be slow longer.
You die... e≈.....## +++ ####....#○## .. .. #..'....#○.# .##+ ..#.†####.#°.# ##.# ##.####.†'.##9# #.###†# ...#.†#...#### ##.#.####..#####°k##.# $?$=$

###†###.##..#.°°k°#†.#▓$:[)$
.##.##.#.#..#..#@°#..#▓?($!?
.'.<.'.##'..####°°##.#▓$!$$?
.##.##..##....###°°.##▓▓▓▓▓▓
###'###.##......~~~~~~~~~~~~
##.÷÷####~~.....~#'########+#
#÷.#..#~~~~~~~..~#_._._...#~~
##.#.##~~~§§~~~.~#._._._._#~§
~##+##~~~≈≈≈§~§~~#_._._._.#§§
~~ ~~~~~§§≈≈~~~#._._._._#§§


You could see a death drake (asleep), a crystal guardian and a swamp drake.

Vanquished Creatures
  A death drake (D)
  A merfolk siren (D)
  2 cane toads (D)
  A yaktaur (D)
  A hornet (D)
  3 polar bears (D)
  2 wyverns (D)
  4 neqoxecs (D)
  Menkaure (D)
  4 water moccasins (D)
  A swamp drake (D)
  3 black bears (D)
  4 necrophages (D)
28 creatures vanquished.

Notes
Turn   | Place    | Note
-------+----------+-------------------------------------------
     0 | D        | Groucho the Spriggan Enchanter began the quest for the Orb.
     0 | D        | Reached XP level 1. HP: 9/9 MP: 5/5
     3 | D        | Noticed a wyvern
     3 | D        | Noticed a wyvern
     6 | D        | Noticed a neqoxec
     6 | D        | Noticed a neqoxec
     6 | D        | Noticed a neqoxec
     6 | D        | Noticed a neqoxec
     9 | D        | Noticed a necrophage
     9 | D        | Noticed a necrophage
     9 | D        | Noticed a necrophage
     9 | D        | Noticed a necrophage
    20 | D        | Killed a necrophage
    21 | D        | Reached skill level 8 in Stealth
    21 | D        | Reached skill level 5 in Hexes
    21 | D        | Reached XP level 2. HP: 5/13 MP: 5/8
    21 | D        | Reached XP level 3. HP: 6/16 MP: 6/10
    39 | D        | Killed a necrophage
    40 | D        | Reached skill level 10 in Stealth
    40 | D        | Reached skill level 5 in Spellcasting
    40 | D        | Reached XP level 4. HP: 2/21 MP: 7/12
    40 | D        | Killed a necrophage
    41 | D        | Reached skill level 5 in Short Blades
    41 | D        | Reached skill level 11 in Stealth
    41 | D        | Reached XP level 5. HP: 2/24 MP: 7/14
    44 | D        | Reached skill level 12 in Stealth
    49 | D        | Noticed a merfolk siren
    52 | D        | Killed a merfolk siren
    53 | D        | Reached skill level 15 in Stealth
    53 | D        | Reached XP level 6. HP: 4/28 MP: 8/18
    53 | D        | Reached XP level 7. HP: 5/32 MP: 8/20
   356 | D        | Killed a neqoxec
   357 | D        | Reached skill level 16 in Stealth
   358 | D        | Killed a neqoxec
   360 | D        | Killed a neqoxec
   361 | D        | Reached skill level 5 in Dodging
   362 | D        | Killed a neqoxec
   363 | D        | Reached skill level 17 in Stealth
   363 | D        | Reached skill level 10 in Hexes
   363 | D        | Reached XP level 8. HP: 36/36 MP: 20/22
   372 | D        | Reached skill level 10 in Spellcasting
   396 | D        | Found Zoqaur Deess's Jewellery Shop.
   396 | D        | Found Xegiyrar's Antique Armour Shop.
   396 | D        | Found Aryluno's Book Boutique.
   396 | D        | Found Voulumaev's Antique Armour Shop.
   396 | D        | Found Exa Feam's Jewellery Boutique.
   397 | D        | Found Apifuw's Antique Weapon Boutique.
   397 | D        | Found Boecux's Assorted Antiques.
   397 | D        | Found Vyoffum's Jewellery Boutique.
   427 | D        | Found Cuetal's Armour Shop.
   427 | D        | Found Emuosa's Distillery.
   429 | D        | Found Geisece's Distillery.
   429 | D        | Found Leicu's Antique Weapon Shop.
   429 | D        | Noticed Menkaure
   429 | D        | Noticed an oklob plant
   430 | D        | Found Fiaboepu's Magic Scroll Shop.
   430 | D        | Found Irghy's Magic Scroll Boutique.
   431 | D        | Bought a potion of curing for 33 gold pieces
   435 | D        | Learned a level 2 spell: Ensorcelled Hibernation
   439 | D        | Learned a level 3 spell: Confusing Touch
   440 | D        | Noticed a manticore
   441 | D        | Bought a potion of heal wounds for 65 gold pieces
   446 | D        | Found Tedat's Book Shoppe.
   480 | D        | Killed Menkaure
   515 | D        | Bought a scroll of enchant weapon for 82 gold pieces
   515 | D        | Bought 2 scrolls of brand weapon for 209 gold pieces
   524 | D        | Bought a potion of flight for 39 gold pieces
   528 | D        | Bought a ring of poison resistance for 260 gold pieces
   563 | D        | Found an iron altar of Okawaru.
   563 | D        | Found an opulent altar of Gozag.
   564 | D        | Found a sparkling altar of Nemelex Xobeh.
   564 | D        | Found a blossoming altar of Fedhas.
   565 | D        | Found a radiant altar of Vehumet.
   565 | D        | Found a burning altar of Makhleb.
   566 | D        | Found a hide-covered altar of Uskayaw.
   566 | D        | Found a corrupted altar of Lugonu.
   566 | D        | Found a white marble altar of Elyvilon.
   566 | D        | Found a shadowy altar of Dithmenos.
   567 | D        | Found a glowing silver altar of Zin.
   567 | D        | Found a bloodstained altar of Trog.
   567 | D        | Found an ancient bone altar of Kikubaaqudgha.
   569 | D        | Found a basalt altar of Yredelemnul.
   569 | D        | Found a shimmering blue altar of Sif Muna.
   569 | D        | Found a viscous altar of Jiyva.
   570 | D        | Found a shimmering altar of Xom.
   570 | D        | Found a sacrificial altar of Ru.
   571 | D        | Found a glowing golden altar of the Shining One.
   571 | D        | Found an ornate altar of the Wu Jian Council.
   572 | D        | Noticed a yaktaur
   572 | D        | Noticed a hornet
   572 | D        | Noticed a polar bear
   573 | D        | Noticed a polar bear
   573 | D        | Noticed a polar bear
   574 | D        | Killed a polar bear
   575 | D        | Killed a polar bear
   576 | D        | Reached skill level 10 in Short Blades
   576 | D        | Reached XP level 9. HP: 39/39 MP: 25/25
   578 | D        | Found a stormy altar of Qazlal.
   580 | D        | Found a snail-covered altar of Cheibriados.
   580 | D        | Found a hazy altar of Hepliaklqana.
   590 | D        | Became a worshipper of Dithmenos the Shadowed
   603 | D        | Killed a polar bear
   605 | D        | Reached skill level 10 in Dodging
   607 | D        | Killed a yaktaur
   607 | D        | Reached * piety under Dithmenos
   612 | D        | Learned a level 3 spell: Dazzling Flash
   631 | D        | Noticed a cane toad
   631 | D        | Noticed a cane toad
   634 | D        | Killed a cane toad
   636 | D        | Killed a cane toad
   648 | D        | Reached ** piety under Dithmenos
   657 | D        | Noticed a deep elf master archer
   663 | D        | Reached *** piety under Dithmenos
   731 | D        | Noticed a death drake
   732 | D        | Noticed a death drake
   735 | D        | Reached XP level 10. HP: 44/44 MP: 24/29
   736 | D        | Noticed a crystal guardian
   737 | D        | Killed a death drake
   743 | D        | Engulfed by a death drake's foul pestilence

Illustrated notes

Levels and vault maps discovered:
D:        the_violet_keep_of_menkaure [sprint2_stairs_cluster_1,
          sprint2_shoproom, sprint2_temple, sprint2_basic_supplies,
          sprint2_obstacle_2, sprint2_obstacle_6, sprint2_obstacle_4,
          sprint2_obstacle_1, sprint2_obstacle_7, sprint2_timed_cluster_1,
          sprint2_smallroom_cluster_1, sprint2_smallroom_final_cluster_1,
          sprint2_transparent_cluster_1, sprint2_second_timed_cluster_1,
          sprint2_sniper_area_1, sprint2_heavy_combat_area_1,
          sprint2_mutation_trap_area_1, sprint2_forest_area_1,
          sprint2_light_combat_area_1, sprint2_behind_water_1,
          sprint2_near_end_vault_1]

Skill      XL: |  1  2  3  4  5  6  7  8  9 10 |
---------------+-------------------------------+-----
Short Blades   | 3 4 5 7 8 10 | 10.0
Stealth        | 8 10 11 15 17 | 17.0
Spellcasting   | 4 5 6 8 9 11 14 | 14.9
Hexes          | 5 6 9 10 11 14 | 14.0
Dodging        | 5 8 12 13 | 13.7

Action                     |  1- 3 |  4- 6 |  7- 9 | 10-12 || total
---------------------------+-------+-------+-------+-------++-------
  Melee: Dagger            |    25 |     3 |    62 |     1 ||    91
   Cast: Confusing Touch   |       |       |     2 |       ||     2
         Ensorcelled Hiber |       |       |     6 |     3 ||     9
    Use: Potion            |     4 |       |     4 |       ||     8
         Scroll            |       |       |     4 |       ||     4
   Stab: Invisible         |     2 |     1 |     1 |       ||     4
         Sleeping          |     1 |     2 |    19 |     1 ||    23
         Confused          |       |       |     1 |       ||     1
 Armour: Robe              |       |       |     1 |       ||     1
  Dodge: Dodged            |    14 |       |    24 |     1 ||    39
